 Dungeon Crawl Stone Soup version 0.27-a0-543-gd81048afd2 (webtiles) character file.

Game seed: 244850028001896105

648 ReteAZ the Firebug (level 7, -2/46 HPs)
             Began as a Human Fire Elementalist on Mar 7, 2021.
             Shot with an arrow by a centaur (3 damage)
             ... on level 7 of the Dungeon.
             The game lasted 00:07:06 (5508 turns).

ReteAZ the Firebug (Human Fire Elementalist)        Turns: 5508, Time: 00:07:07

Health: -2/46      AC:  4    Str:  9    XL:     7   Next: 83%
Magic:  7/13       EV: 12    Int: 17    God:
Gold:   231        SH:  0    Dex: 13    Spells: 9/14 levels left

rFire    . . .     SeeInvis .   x - +2 quarterstaff (chaos)
rCold    . . .     Faith    .   (shield currently unavailable)
rNeg     . . .     Spirit   .   a - +0 robe
rPois    +         Reflect  .   (no helmet)
rElec    .         Harm     .   y - +1 cloak {rPois}
rCorr    .         Rampage  .   (no gloves)
Will     +....                  (no boots)
Stlth    ++........             (no amulet)
HPRegen  0.15/turn              j - ring of willpower
MPRegen  0.13/turn              k - ring of wizardry

@: lethally poisoned (-2 -> -7), very slightly contaminated
A: no striking features
a: no special abilities


You were on level 7 of the Dungeon.
You visited 1 branch of the dungeon, and saw 6 of its levels.

You collected 231 gold pieces.

Inventory:

Hand Weapons
 f - a +0 spear
 h - a +1 mace of protection
 q - a +1 mace of venom
 x - a +2 quarterstaff of chaos (weapon)
Armour
 a - a +0 robe (worn)
 y - a +1 cloak of poison resistance (worn)
Jewellery
 j - a ring of willpower (left hand)
 k - a ring of wizardry (right hand)
 o - a +6 ring of strength
Scrolls
 b - 4 scrolls of identify {unknown}
 e - 2 scrolls of noise {unknown}
 g - a scroll of fog {unknown}
 m - a scroll of enchant weapon {unknown}
 r - a scroll of teleportation {unknown}
 v - a scroll of enchant armour {unknown}
Potions
 c - 2 potions of brilliance {unknown}
 d - 2 potions of flight {unknown}
 i - 2 potions of resistance {unknown}
 l - 2 potions of heal wounds {unknown}
 n - 2 potions of haste {unknown}
 p - a potion of berserk rage {unknown}
 s - a potion of curing {unknown}
 t - a potion of cancellation {unknown}
 u - a potion of might {unknown}
 w - a potion of lignification {unknown}


   Skills:
 - Level 2.0 Dodging
 - Level 2.0 Stealth
 + Level 4.0 Spellcasting
 + Level 3.9 Conjurations
 * Level 6.4 Fire Magic


You had 9 spell levels left.
You knew the following spells:

 Your Spells              Type           Power      Damage    Failure   Level
a - Foxfire               Conj/Fire      80%        2x1d8     1%          1
b - Sticky Flame          Conj/Fire      20%        2d4       8%          4

Your spell library contained the following spells:

 Spells                   Type           Power      Damage    Failure   Level
 Conjure Flame            Conj/Fire      20%        6-21      2%          3
 Inner Flame              Hex/Fire       14%        N/A       5%          3
 Fireball                 Conj/Fire      10%        3d6       21%         5


Dungeon Overview and Level Annotations

Branches:
Dungeon (5/15)
 Temple: D:4-7

Altars:
Dithmenos
Nemelex Xobeh
Ru

Annotations:
D:5 Eustachio


Message History

You conjure some foxfire!
The foxfire hits the ogre.
The ogre is lightly wounded.
You conjure some foxfire!
The foxfire hits the ogre.
The ogre is lightly wounded.
The foxfire hits the ogre.
The ogre is lightly wounded.
The foxfire hits the ogre.
The ogre is lightly wounded.
You miscast Foxfire.
You are very lightly contaminated with residual magic.
Nothing appears to happen.
The foxfire hits the centaur skeleton!
The centaur skeleton is moderately damaged.
The foxfire hits the centaur skeleton.
The centaur skeleton is heavily damaged.
You miscast Foxfire.
Nothing appears to happen.
You conjure some foxfire!
The adder bites you. The centaur skeleton barely misses you.
The ogre hits you with a +0 giant club!!
Ouch! That really hurt!
The adder bites you.
You are poisoned.
The adder poisons you! The centaur skeleton hits you.
* * * LOW HITPOINT WARNING * * *
You feel sick.
The foxfire hits the centaur skeleton.
The centaur skeleton is severely damaged.
The foxfire hits the ogre.
The ogre is moderately wounded.
The adder bites you.
* * * LOW HITPOINT WARNING * * *
You are more poisoned.
The adder poisons you! The centaur skeleton barely misses you.
A centaur comes into view.
You feel sick. The centaur skeleton barely misses you.
The centaur wields a +0 shortbow.
The centaur shoots an arrow.
The arrow hits you but does no damage.
You feel sick. The centaur skeleton hits you.
* * * LOW HITPOINT WARNING * * *
Found 9 gold pieces and 17 stones.
The centaur shoots an arrow.
The arrow hits you.
You die...

.. ... ....
#.... ##..#..
########.......
#..........#
#......@...##.
#............$.
#...OZS....####
#....Z.....#
#......c...#
#............
#.............
########.....(
......


You could see an ogre, a centaur, an adder, a centaur zombie and a centaur
skeleton.

Vanquished Creatures
  A sky beast (D:4)
  An ogre (D:4)
  A phantom (D:4)
  2 orc priests
  Crazy Yiuf (D:4)
  Terence (D:2)
  An orc wizard (D:4)
  A worker ant (D:4)
  3 hound skeletons
  6 gnolls
  4 adders
  A shadow imp (D:3)
  An ufetubus (D:5)
  4 worms
  2 dart slugs (D:1)
  5 leopard geckos
  6 orcs
  A ball python (D:1)
  7 bats
  2 giant cockroaches
  6 goblins
  5 hobgoblins
  9 jackals
  2 quokkas
  7 frilled lizards
  7 kobolds
  7 rats
94 creatures vanquished.

Vanquished Creatures (others)
  407 foxfires
407 creatures vanquished.

Grand Total: 501 creatures vanquished

Notes
Turn   | Place    | Note
-------+----------+-------------------------------------------
     0 | D:1      | ReteAZ the Human Fire Elementalist began the quest for the
                  | Orb.
     0 | D:1      | Reached XP level 1. HP: 13/13 MP: 3/3
   269 | D:1      | Reached XP level 2. HP: 18/19 MP: 1/5
   720 | D:1      | Reached XP level 3. HP: 24/24 MP: 3/6
  1419 | D:2      | Noticed Terence
  1430 | D:2      | Killed Terence
  1431 | D:2      | Reached skill level 4 in Fire Magic
  1431 | D:2      | Reached XP level 4. HP: 24/30 MP: 1/7
  1444 | D:2      | Learned a level 4 spell: Sticky Flame
  2693 | D:3      | Found a sparkling altar of Nemelex Xobeh.
  2777 | D:3      | Reached XP level 5. HP: 35/35 MP: 5/9
  3181 | D:3      | Found a shadowy altar of Dithmenos.
  3752 | D:4      | Reached XP level 6. HP: 41/41 MP: 5/10
  3800 | D:4      | Noticed an ogre
  3805 | D:4      | Killed an ogre
  3806 | D:4      | Reached skill level 5 in Fire Magic
  4268 | D:4      | Found a sacrificial altar of Ru.
  4509 | D:4      | Noticed a sky beast
  4514 | D:4      | Killed a sky beast
  4515 | D:4      | Reached XP level 7. HP: 46/46 MP: 4/12
  4659 | D:4      | Reached skill level 6 in Fire Magic
  5309 | D:4      | Found a runed translucent door.
  5310 | D:4      | Noticed Crazy Yiuf
  5322 | D:4      | Killed Crazy Yiuf
  5420 | D:5      | Entered Level 5 of the Dungeon
  5420 | D:5      | Noticed Eustachio
  5496 | D:5      | You fall into a shaft and drop 2 floors!
  5507 | D:7      | HP: 1/46 [centaur skeleton (5)]
  5508 | D:7      | Shot with an arrow by a centaur

Illustrated notes

Levels and vault maps discovered:
D:1:      lightli_arrival_statue_moat, layout_loops_ring, minmay_3d_cube
D:2:      layout_rooms, serial_corexii_hall, chequers_hall_statues_wall_a,
          corexii_hall_statues_l, minmay_unequal, uniq_terence
D:3:      layout_basic, old_standard_altar, lemuel_crystal_altar
D:4:      layout_gridville, hangedman_ru_absence, uniq_crazy_yiuf_cottage
D:5:      layout_loops_ring, grunt_ministairs_10, uniq_sigmund, uniq_eustachio
D:7:      layout_rooms, minmay_temple_entry_nine_rooms, serial_shops,
          nicolae_shop_crystal

Skill      XL: |  1  2  3  4  5  6  7 |
---------------+----------------------+-----
Fire Magic     | 4 5 6 |  6.4
Conjurations   | 2 3 |  3.9
Spellcasting   | 3 4 |  4.0
Dodging        | |  2.0
Stealth        | |  2.0

Action                   |  1- 3 |  4- 6 |  7- 9 || total
-------------------------+-------+-------+-------++-------
Melee: Unarmed           |     2 |       |       ||     2
       Spear             |     2 |       |       ||     2
       Mace              |     4 |    23 |     1 ||    28
       Quarterstaff      |       |       |     1 ||     1
 Cast: Foxfire           |    58 |   144 |    46 ||   248
       Sticky Flame      |       |       |     1 ||     1
Armor: Robe              |     2 |     6 |     1 ||     9
Dodge: Dodged            |     5 |    28 |     8 ||    41

Table legend: (Time is in decaauts)
 A = Elapsed time spent in this place.
 B = Non-inter-level travel time spent in this place.
 C = Inter-level travel time spent in this place.
 D = Time resting spent in this place.
 E = Time spent auto-exploring this place.
 F = Levels seen in this place.
 G = Mean time per level.
                   A        B        C        D        E       F      G
               +--------+--------+--------+--------+--------+-----+--------+
         Total |   5521 |   5322 |    199 |    377 |   4195 |   6 |  920.2 |
       Dungeon |   5521 |   5322 |    199 |    377 |   4195 |   6 |  920.2 |
               +--------+--------+--------+--------+--------+-----+--------+

Top non-repeatable levels by time:
     D:4: 1575 daAuts
     D:1: 1418 daAuts
     D:3: 1392 daAuts
     D:2: 1079 daAuts
     D:5: 43 daAuts
     D:7: 11 daAuts
